 Dungeon Sprint DCSS version 0.29.0-11-gd7f09526c8 (webtiles) character file.

Game seed: 17111501223268392198

7700000 Zeld the Conqueror (level 26, -25/266 HPs)
             Began as a Minotaur Monk on Sept 6, 2022.
             Was the Champion of Makhleb.
             Annihilated by a meat berserker
             ... wielding a +9 battleaxe
              (68 damage)
             ... in the Dungeon (Sprint VIII: "Arena of Blood").
             The game lasted 00:01:27 (77 turns).

Zeld the Conqueror (Minotaur Monk)                    Turns: 77, Time: 00:01:28

Health: -25/266    AC:  4    Str: 26    XL:     26   Next: 48%
Magic:  26/42      EV: 27    Int:  7    God:    Makhleb [******]
Gold:   0          SH:  0    Dex: 15    Spells: 57/57 levels left

rFire   . . .      SeeInvis .   i - +∞ Axe of Woe
rCold   . . .      Faith    .   (shield currently unavailable)
rNeg    . . .      Spirit   .   a - +0 robe
rPois   .          Reflect  .   (helmet restricted)
rElec   .          Harm     .   (no cloak)
rCorr   .          Rampage  .   (no gloves)
Will    +....      NoTele   +   (no boots)
Stlth   +++++++++.              (no amulet)
HPRegen 0.54/turn               j - +250 ring of slaying
MPRegen 0.28/turn               (no ring)

@: slowed, very slow
A: horns 2, retaliatory headbutt
a: Renounce Religion, Minor Destruction, Lesser Servant of Makhleb, Major
Destruction, Greater Servant of Makhleb


You were in the Dungeon.
You worshipped Makhleb.
Makhleb was exalted by your worship.
You visited 1 branch

Inventory:

Hand Weapons
 i - the +∞ Axe of Woe (weapon)
   (You found it in the Dungeon)
Armour
 a - a +0 robe (worn)
Jewellery
 j - a +250 ring of slaying (left hand)
Scrolls
 h - a scroll of blinking
Potions
 b - a potion of ambrosia
 c - a potion of curing
 d - a potion of heal wounds
 e - a potion of haste
 f - 2 potions of magic
 g - a potion of berserk rage


   Skills:
 O Level 27 Fighting
 + Level 26.0(27) Short Blades
 + Level 25.4(27) Long Blades
 O Level 27 Axes
 + Level 25.4(27) Maces & Flails
 + Level 25.4(27) Polearms
 + Level 25.4(27) Staves
 + Level 23.5 Ranged Weapons
 + Level 21.8 Throwing
 + Level 25.4 Armour
 O Level 27 Dodging
 O Level 27 Stealth
 + Level 25.4 Shields
 O Level 27 Unarmed Combat
 + Level 16.0 Spellcasting
 + Level 17.3 Conjurations
 + Level 17.7 Hexes
 + Level 19.1 Summonings
 + Level 19.1 Necromancy
 + Level 19.1 Translocations
 + Level 20.7 Transmutations
 + Level 19.1 Fire Magic
 + Level 19.1 Ice Magic
 + Level 19.1 Air Magic
 + Level 20.7 Earth Magic
 + Level 19.1 Poison Magic
 O Level 27 Invocations
 + Level 22.3 Evocations


You had 57 spell levels left.
You didn't know any spells.
Your spell library was empty.

Dungeon Overview and Level Annotations

Branches:
Dungeon (1/1)

Altars:
Makhleb


Innate Abilities, Weirdness & Mutations

You have a pair of horns on your head.
You reflexively headbutt those who attack you in melee.


Message History

Your Ice Magic skill increases to level 19!
Your Air Magic skill increases to level 19!
Your Poison Magic skill increases to level 19!
Your Evocations skill increases to level 22!
Unknown command.
A bag of meat comes into view. It is wielding a +9 war axe.
You hear a shout! x9
The tyrant gestures wildly while chanting.
You hear a shout!
The meat berserker hits you with a +9 battleaxe!!!
You hear a shout! x3
A meat berserker comes into view. It is wielding a +9 battleaxe.
The bag of meat moves out of view.
You hear a shout!
Items here: )))) ==== †.
Unknown command.
You are too injured to fight recklessly!
Unknown command.
You dice the meat berserker like an onion!!!!!
You hew the meat berserker savagely.
You kill the meat berserker!
Makhleb accepts your kill.
You chop the bag of meat into pieces!!!!!
You butcher the bag of meat messily.
You kill the bag of meat!
Makhleb accepts your kill.
You hear a shout! x4
The tyrant gestures wildly while chanting.
You hear a shout!
A bag of meat comes into view. It is wielding a +9 war axe.
You hear a shout! x2
The eight-headed meat hydra calls on the powers of darkness!
The eight-headed meat hydra convulses!
The bag of meat convulses!
The meat berserker convulses!
Your body is wracked with pain!
* * * LOW HITPOINT WARNING * * *
The meat berserker convulses!
The bag of meat convulses!
The meat berserker convulses!
An eight-headed meat hydra comes into view.
The meat berserker hits you with a +9 battleaxe!!!
You die...

.... .... .. ...
.o #.. ..# o #..
..# ..###.o
..###.
.O....)###......
...o.O.)_)......
.....#O@)).#...
.o. #_)<)_# .
o....#)))).#....
.......)_)..D...
.......###.XX...
2.###.D XX###. .
#.. .L# #.. .o#
... ..


You could see 2 tentacled monstrosities, a tyrant, 2 eight-headed meat hydras, 2
large abominations, 3 meat berserkers and 4 bags of meat.

Vanquished Creatures
  3 hell beasts (D)
  4 royal mummies (D)
  8 vampire knights (D)
  24 ogres (D)
  3 two-headed ogres (D)
  A hydra (D)
  30 orcs (D)
  2 skeletal warriors (D)
75 creatures vanquished.

Notes
Turn   | Place    | Note
-------+----------+-------------------------------------------
     0 | D        | Found the +∞ Axe of Woe
     0 | D        | Zeld the Minotaur Monk began the quest for the Orb.
     0 | D        | Reached XP level 1. HP: 19/19 MP: 0/0
     2 | D        | Noticed a meat berserker
     2 | D        | Noticed a bag of meat
     2 | D        | Noticed a bag of meat
     3 | D        | Noticed a bag of meat
     4 | D        | Noticed a bag of meat
     4 | D        | Noticed a meat berserker
     5 | D        | Noticed a bag of meat
     6 | D        | Killed a meat berserker
     7 | D        | Reached XP level 2. HP: 56/56 MP: 1/1
     7 | D        | Reached XP level 3. HP: 63/63 MP: 2/2
     7 | D        | Reached XP level 4. HP: 71/71 MP: 3/3
     7 | D        | Reached XP level 5. HP: 79/79 MP: 4/4
     7 | D        | Reached XP level 6. HP: 86/86 MP: 5/5
     7 | D        | Reached XP level 7. HP: 94/94 MP: 6/6
     7 | D        | Reached XP level 8. HP: 102/102 MP: 7/7
     7 | D        | Reached XP level 9. HP: 108/108 MP: 8/8
     7 | D        | Reached XP level 10. HP: 117/117 MP: 9/9
     7 | D        | Reached XP level 11. HP: 124/124 MP: 10/10
     7 | D        | Became a worshipper of Makhleb the Destroyer
     7 | D        | Reached * piety under Makhleb
     7 | D        | Reached ** piety under Makhleb
     7 | D        | Noticed a bag of meat
     8 | D        | Killed a bag of meat
     8 | D        | Noticed a bag of meat
     8 | D        | Noticed a bag of meat
     9 | D        | Reached skill level 5 in Invocations
     9 | D        | Reached XP level 12. HP: 137/137 MP: 10/14
     9 | D        | Noticed a bag of meat
    10 | D        | Killed a meat berserker
    10 | D        | Noticed a bag of meat
    11 | D        | Reached skill level 10 in Axes
    11 | D        | Reached XP level 13. HP: 121/151 MP: 10/18
    11 | D        | Killed a bag of meat
    11 | D        | Killed a bag of meat
    11 | D        | Reached *** piety under Makhleb
    11 | D        | Noticed a bag of meat
    12 | D        | Reached skill level 10 in Invocations
    12 | D        | Reached XP level 14. HP: 166/166 MP: 10/21
    12 | D        | Killed a bag of meat
    12 | D        | Killed a bag of meat
    12 | D        | Killed a bag of meat
    12 | D        | Reached **** piety under Makhleb
    12 | D        | Noticed a bag of meat
    13 | D        | Reached skill level 27 in Fighting
    13 | D        | Killed a bag of meat
    13 | D        | Killed a bag of meat
    13 | D        | Killed a bag of meat
    14 | D        | Reached XP level 15. HP: 174/174 MP: 10/26
    14 | D        | Noticed a meat berserker
    15 | D        | Noticed a meat berserker
    16 | D        | Killed a meat berserker
    16 | D        | Reached ***** piety under Makhleb
    16 | D        | Noticed a meat berserker
    17 | D        | Noticed a meat berserker
    18 | D        | Reached XP level 16. HP: 183/183 MP: 11/28
    19 | D        | Noticed a meat berserker
    19 | D        | Noticed a destroyer
    19 | D        | HP: 2/183 [meat berserker/+9 battleaxe (74)]
    20 | D        | Noticed a large bag of meat
    20 | D        | Killed a meat berserker
    20 | D        | Killed a meat berserker
    20 | D        | Killed a meat berserker
    21 | D        | Reached skill level 27 in Axes
    21 | D        | Reached skill level 27 in Dodging
    21 | D        | Reached skill level 27 in Unarmed Combat
    21 | D        | Reached XP level 17. HP: 94/191 MP: 12/32
    21 | D        | Noticed a meat berserker
    22 | D        | Reached skill level 27 in Invocations
    22 | D        | Killed a meat berserker
    22 | D        | Noticed a meat berserker
    24 | D        | Killed a large bag of meat
    24 | D        | Reached ****** piety under Makhleb
    25 | D        | Reached XP level 18. HP: 143/200 MP: 12/34
    25 | D        | Noticed a large bag of meat
    26 | D        | Killed a meat berserker
    26 | D        | Noticed a meat berserker
    27 | D        | Reached skill level 27 in Stealth
    27 | D        | Killed a meat berserker
    27 | D        | Noticed a meat berserker
    27 | D        | Noticed a large bag of meat
    28 | D        | Reached skill level 5 in Short Blades
    28 | D        | Reached skill level 5 in Long Blades
    28 | D        | Reached skill level 5 in Maces & Flails
    28 | D        | Reached skill level 5 in Polearms
    28 | D        | Reached skill level 5 in Staves
    28 | D        | Reached skill level 5 in Armour
    28 | D        | Reached skill level 5 in Shields
    28 | D        | Killed a meat berserker
    29 | D        | Reached skill level 5 in Summonings
    29 | D        | Reached skill level 5 in Necromancy
    29 | D        | Reached skill level 5 in Translocations
    29 | D        | Reached skill level 5 in Transmutations
    29 | D        | Reached skill level 5 in Fire Magic
    29 | D        | Reached skill level 5 in Ice Magic
    29 | D        | Reached skill level 5 in Air Magic
    29 | D        | Reached skill level 5 in Earth Magic
    29 | D        | Reached skill level 5 in Poison Magic
    29 | D        | Reached XP level 19. HP: 207/207 MP: 13/35
    31 | D        | Reached skill level 5 in Conjurations
    31 | D        | Reached skill level 5 in Hexes
    31 | D        | Noticed a destroyer
    31 | D        | Killed a destroyer
    32 | D        | Reached skill level 5 in Spellcasting
    32 | D        | Killed a large bag of meat
    32 | D        | Killed a large bag of meat
    32 | D        | Noticed a destroyer
    33 | D        | Reached skill level 10 in Long Blades
    33 | D        | Reached skill level 10 in Maces & Flails
    33 | D        | Reached skill level 10 in Polearms
    33 | D        | Reached skill level 10 in Staves
    33 | D        | Reached skill level 10 in Armour
    33 | D        | Reached skill level 10 in Shields
    33 | D        | Killed a meat berserker
    33 | D        | Noticed a meat berserker
    34 | D        | Reached skill level 10 in Ranged Weapons
    34 | D        | Reached XP level 20. HP: 148/216 MP: 14/36
    35 | D        | Killed a destroyer
    35 | D        | Noticed a destroyer
    36 | D        | Reached skill level 10 in Throwing
    36 | D        | Reached skill level 10 in Evocations
    37 | D        | Killed a destroyer
    38 | D        | Reached skill level 10 in Transmutations
    38 | D        | Reached skill level 10 in Earth Magic
    39 | D        | Noticed a destroyer
    39 | D        | Killed a destroyer
    40 | D        | Reached skill level 10 in Summonings
    40 | D        | Reached skill level 10 in Necromancy
    40 | D        | Reached skill level 10 in Translocations
    40 | D        | Reached skill level 10 in Fire Magic
    40 | D        | Reached skill level 10 in Ice Magic
    40 | D        | Reached skill level 10 in Air Magic
    40 | D        | Reached skill level 10 in Poison Magic
    41 | D        | Noticed a destroyer
    41 | D        | Noticed a meat berserker
    43 | D        | Killed a destroyer
    44 | D        | Reached skill level 15 in Short Blades
    44 | D        | Reached XP level 21. HP: 200/224 MP: 16/37
    44 | D        | Noticed a destroyer
    46 | D        | Reached skill level 15 in Long Blades
    46 | D        | Reached skill level 15 in Maces & Flails
    46 | D        | Reached skill level 15 in Polearms
    46 | D        | Reached skill level 15 in Staves
    46 | D        | Reached skill level 15 in Armour
    46 | D        | Reached skill level 15 in Shields
    46 | D        | Reached skill level 10 in Conjurations
    46 | D        | Reached skill level 10 in Hexes
    46 | D        | Noticed a tyrant
    47 | D        | Noticed an accursed
    50 | D        | Noticed an accursed
    50 | D        | Killed an accursed
    50 | D        | Killed a destroyer
    51 | D        | Reached skill level 15 in Ranged Weapons
    51 | D        | Reached skill level 10 in Spellcasting
    51 | D        | Reached XP level 22. HP: 101/233 MP: 18/38
    52 | D        | Noticed an accursed
    53 | D        | Noticed an accursed
    53 | D        | Killed an accursed
    54 | D        | Reached skill level 15 in Throwing
    54 | D        | Reached skill level 15 in Evocations
    56 | D        | Noticed a destroyer
    57 | D        | Killed an accursed
    57 | D        | Killed an accursed
    57 | D        | Noticed a meat beast
    58 | D        | Reached skill level 15 in Transmutations
    58 | D        | Reached skill level 15 in Earth Magic
    58 | D        | Reached XP level 23. HP: 182/240 MP: 19/39
    59 | D        | Killed a meat beast
    59 | D        | Noticed a meat beast
    60 | D        | Reached skill level 15 in Summonings
    60 | D        | Reached skill level 15 in Necromancy
    60 | D        | Reached skill level 15 in Translocations
    60 | D        | Reached skill level 15 in Fire Magic
    60 | D        | Reached skill level 15 in Ice Magic
    60 | D        | Reached skill level 15 in Air Magic
    60 | D        | Reached skill level 15 in Poison Magic
    60 | D        | Reached XP level 24. HP: 102/249 MP: 20/39
    60 | D        | Killed a destroyer
    63 | D        | Killed a destroyer
    64 | D        | Reached skill level 15 in Conjurations
    64 | D        | Reached skill level 15 in Hexes
    65 | D        | HP: 3/249 [meat berserker/+9 battleaxe (50)]
    67 | D        | Noticed a meat beast
    69 | D        | Reached XP level 25. HP: 111/257 MP: 23/40
    71 | D        | Killed a meat beast
    71 | D        | Noticed a meat beast
    72 | D        | Reached skill level 15 in Spellcasting
    74 | D        | Noticed a tyrant
    74 | D        | Noticed a dread
    75 | D        | Reached XP level 26. HP: 91/266 MP: 25/41
    75 | D        | Killed a meat beast
    75 | D        | Noticed a tyrant
    77 | D        | Annihilated by a meat berserker

Illustrated notes

Levels and vault maps discovered:
D:        meatsprint

Skill      XL: |  1  2  3  4  5  6  7  8  9 10 11 12 13 14 15 16 17 18 19 20 21 22 23 24 25 26 |
---------------+-------------------------------------------------------------------------------+-----
Fighting       | 20 21 24 26 27 | 27.0
Axes           | 4 7 10 12 20 23 27 | 27.0
Dodging        | 18 19 20 21 24 25 27 | 27.0
Stealth        | 6 7 9 12 25 27 | 27.0
Unarmed Combat | 18 19 20 21 24 25 27 | 27.0
Invocations    | 5 8 10 16 18 25 27 | 27.0
Short Blades   | 7 11 15 17 20 21 23 25 26 | 26.0
Long Blades    | 7 11 14 17 19 20 22 24 25 | 25.4
Maces & Flails | 7 11 14 17 19 20 22 24 25 | 25.4
Polearms       | 7 11 14 17 19 20 22 24 25 | 25.4
Staves         | 7 11 14 17 19 20 22 24 25 | 25.4
Ranged Weapons | 6 10 13 15 18 19 21 22 23 | 23.5
Throwing       | 6 9 12 14 16 17 19 21 | 21.8
Armour         | 7 11 14 17 19 20 22 24 25 | 25.4
Shields        | 7 11 14 17 19 20 22 24 25 | 25.4
Spellcasting   | 4 6 8 10 12 14 15 16 | 16.0
Conjurations   | 4 7 9 11 13 14 15 16 17 | 17.3
Hexes          | 4 7 9 11 13 14 15 17 | 17.7
Summonings     | 5 8 10 12 14 15 17 18 19 | 19.1
Necromancy     | 5 8 10 12 14 15 17 18 19 | 19.1
Translocations | 5 8 10 12 14 15 17 18 19 | 19.1
Transmutations | 5 9 11 13 15 16 18 20 | 20.7
Fire Magic     | 5 8 10 12 14 15 17 18 19 | 19.1
Ice Magic      | 5 8 10 12 14 15 17 18 19 | 19.1
Air Magic      | 5 8 10 12 14 15 17 18 19 | 19.1
Earth Magic    | 5 9 11 13 15 16 18 20 | 20.7
Poison Magic   | 5 8 10 12 14 15 17 18 19 | 19.1
Evocations     | 6 9 12 14 17 18 20 21 22 | 22.3

Action                   |  1- 3 |  4- 6 |  7- 9 | 10-12 | 13-15 | 16-18 | 19-21 | 22-24 | 25-27 || total
-------------------------+-------+-------+-------+-------+-------+-------+-------+-------+-------++-------
Melee: Executioner's axe |     1 |       |       |     2 |     5 |     7 |    11 |    10 |     7 ||    43
Dodge: Dodged            |       |       |       |       |       |       |     1 |     1 |     3 ||     5
